 Dungeon Crawl Stone Soup version 0.29-a0-270-g1586fc07ea (webtiles) character file.

Game seed: 15843857172055448072

2 fragbeetle the Ruffian (level 1, 0/16 HPs)
             Began as a Draconian Transmuter on Mar 8, 2022.
             Slain by a frilled lizard (2 damage)
             ... on level 1 of the Dungeon.
             The game lasted 00:00:20 (36 turns).

fragbeetle the Ruffian (Draconian Transmuter)         Turns: 36, Time: 00:00:21

Health: 0/16       AC:  4    Str: 12    XL:     1   Next: 25%
Magic:  2/3        EV: 12    Int: 13    God:
Gold:   18         SH:  0    Dex: 11    Spells: 3/4 levels left

rFire   . . .      SeeInvis .     - Unarmed
rCold   . . .      Faith    .   (no shield)
rNeg    . . .      Spirit   .   (body armour unavailable)
rPois   .          Reflect  .   (helmet currently unavailable)
rElec   .          Harm     .   (no cloak)
rCorr   .          Rampage  .   (no gloves)
Will    .....                   (boots currently unavailable)
Stlth   +.........              (no amulet)
HPRegen 0.05/turn               (no ring)
MPRegen 0.08/turn               (no ring)

@: appendages
A: horns 2, talons 2, AC +4, unfitting armour, cold-blooded
a: End Transformation


You were on level 1 of the Dungeon.
You had temporarily grown beastly horns and talons.
You visited 1 branch of the dungeon, and saw 1 of its levels.

You collected 18 gold pieces.

Inventory:

Potions
 a - a potion of lignification


   Skills:
 - Level 1.1 Fighting
 - Level 1.7 Dodging
 + Level 3.0 Unarmed Combat
 - Level 2.0 Spellcasting
 + Level 2.1 Transmutations


You had 3 spell levels left.
You knew the following spells:

 Your Spells              Type           Power      Damage    Failure   Level
a - Beastly Appendage     Tmut           12%        N/A       11%         1

Your spell library contained the following spells:

 Spells                   Type           Power      Damage    Failure   Level
 Wereblood                Tmut           6%         N/A       16%         2
 Spider Form              Tmut/Pois      4%         N/A       45%         3
 Ice Form                 Ice/Tmut       4%         N/A       86%         4


Dungeon Overview and Level Annotations

Branches:
Dungeon (1/15)

Altars:


Innate Abilities, Weirdness & Mutations

You have temporarily grown beastly horns and talons.
Your plain brown scales are hard. (AC +4)
You cannot fit into any form of body armour.
You are cold-blooded and may be slowed by cold attacks.


Message History

The jackal bites you but does no damage. x2
You closely miss the jackal.
Your tail-slap misses the jackal.
The jackal is heavily wounded.
The jackal closely misses you. The jackal misses you.
The jackal closely misses you. x2; The jackal barely misses you.
The jackal bites you but does no damage.
You completely miss the jackal.
The jackal is heavily wounded.
The jackal bites you but does no damage. x2
The jackal barely misses you. x2
You grow a pair of large bovine horns.
Your feet morph into talons.
The jackal misses you. x2
The jackal bites you but does no damage.
The jackal barely misses you. The frilled lizard barely misses you.
The jackal bites you but does no damage. x2
The jackal barely misses you.
You barely miss the jackal. Your headbutt misses the jackal.
The jackal is heavily wounded.
The jackal bites you but does no damage.
The frilled lizard unfolds its giant frill.
The frilled lizard bites you. The jackal closely misses you.
The jackal bites you but does no damage. x2
The jackal closely misses you. The jackal attacks as you move away!
The jackal bites you.
* * * LOW HITPOINT WARNING * * *
The jackal bites you but does no damage.
The frilled lizard bites you.
* * * LOW HITPOINT WARNING * * *
The frilled lizard closely misses you. The jackal closely misses you. x2
Things that are here:
a +0 short sword; a stone Unknown command.
You hit the jackal. Your headbutt misses the jackal.
The jackal is heavily wounded.
The frilled lizard barely misses you.
The jackal bites you but does no damage. x2
You hit the jackal.
You kill the jackal!
The jackal closely misses you. The frilled lizard bites you.
You die...

≈≈.<.♣#......##.......
≈....♣#......##......
≈...P♣#......##......
≈...♣♣#...........#
≈..♣♣ #.##........#
#+# #.##........#
..##......h.#
.####.....lhh# ..
#.....#@#...... .#
##.............
######..≈≈≈P≈P
≈≈≈≈≈≈≈≈≈ ≈≈≈≈≈≈≈≈≈
≈≈≈≈≈≈≈≈≈≈ #≈≈..≈≈r≈≈
≈P..≈≈≈≈..


You could see a quokka, 3 jackals and a frilled lizard.

Vanquished Creatures
  A giant cockroach (D:1)
  A jackal (D:1)
  A kobold (D:1)
3 creatures vanquished.

Notes
Turn   | Place    | Note
-------+----------+-------------------------------------------
     0 | D:1      | fragbeetle the Draconian Transmuter began the quest for the
                  | Orb.
     0 | D:1      | Reached XP level 1. HP: 16/16 MP: 3/3
    36 | D:1      | Slain by a frilled lizard

Illustrated notes

Levels and vault maps discovered:
D:1:      tarquinn_simple_flora_water_c, layout_basic,
          shapermc_ecumenical_altar_hornbeckon, chequers_big_river

Action                   || total
-------------------------++-------
Melee: Unarmed           ||    14
       Kick              ||     2
       Tailslap          ||     1
 Cast: Beastly Appendage ||     2
Armor: Skin              ||    20
Dodge: Dodged            ||    32

Table legend: (Time is in decaauts)
 A = Elapsed time spent in this place.
 B = Non-inter-level travel time spent in this place.
 C = Inter-level travel time spent in this place.
 D = Time resting spent in this place.
 E = Time spent auto-exploring this place.
 F = Levels seen in this place.
 G = Mean time per level.
                   A        B        C        D        E       F      G
               +--------+--------+--------+--------+--------+-----+--------+
         Total |     35 |     35 |      0 |      0 |     13 |   1 |   35.0 |
       Dungeon |     35 |     35 |      0 |      0 |     13 |   1 |   35.0 |
               +--------+--------+--------+--------+--------+-----+--------+

Top non-repeatable levels by time:
     D:1: 35 daAuts
